AoeStats
← ĐẠI ĐÔ ĐỐC MẠNH ĐẠT

Nomad

511871856Analyzed
4v4 RM · 25d ago on Oct 7, 2026· 24m 6s· 8 players
Game mode
Random Map
Map size
231×231
Population
200
Speed
Normal
Resources
Standard
Victory
Conquest
Starting age
Dark Age
Ending age
Imperial Age
RankedLock teamsTeams togetherTeam positionsShared explorationLock speedFull tech treeHidden civsTurbo modeCheats
Victory
Defeat
🇲🇽 Hindustanis · Mexico
1561
+12
🇲🇽 Spanish · Mexico
1453
+16
🇲🇽 Persians · Mexico
1403
+19
1349
+21
vs
🇧🇷 Vietnamese · Brazil
1459
-17
🇧🇷 Portuguese · Brazil
1458
-17
🇦🇷 Bulgarians · Argentina
1457
-17
1457
-17
MZTK | Dragneel
5:24 Loom
6:08 Loom
14:21 Feudal Age
15:01 Double-Bit Axe
15:46 Town Watch
19:36 Castle Age
18:03 Fletching
20:19 Medium Warships
20:34 Bow Saw
22:08 Bodkin Arrow
MZTK | (っ◔◡◔)っ 🍔
5:12 Loom
MZTK | V
4:37 Loom
12:25 Feudal Age
16:57 Castle Age
16:17 Fletching
17:00 Crossbowman
17:53 Bodkin Arrow
MZTK | Orocar
6:30 Loom
13:16 Feudal Age
17:25 Castle Age
16:10 Double-Bit Axe
16:24 Stone Mining
16:49 Gold Mining
17:15 Horse Collar
18:51 Bow Saw
18:48 Town Watch
22:03 Wheelbarrow
Tylenol
4:16 Loom
12:45 Feudal Age
13:44 Double-Bit Axe
17:35 Castle Age
15:37 Fishing Lines
15:41 Horse Collar
16:41 Stone Mining
17:25 Gold Mining
19:17 Wheelbarrow
18:50 Fletching
20:33 Bow Saw
21:28 Bodkin Arrow
GAX | Lux
5:33 Loom
14:15 Feudal Age
18:15 Castle Age
16:35 Fishing Lines
17:09 Double-Bit Axe
17:53 Fletching
luch0_ta
9:26 Loom
12:27 Feudal Age
ĐẠI ĐÔ ĐỐC MẠNH ĐẠT
4:39 Loom
13:27 Feudal Age
18:06 Castle Age
16:12 Double-Bit Axe
16:23 Horse Collar
17:37 Padded Archer Armor
19:05 Bow Saw
20:17 Wheelbarrow
Connection lost

Rejoining the realm…

Still unreachable

The connection could not be restored.

Session expired

The server has moved on; the page needs a fresh start.